 Dungeon Crawl Stone Soup version 0.30.1-1-g62c8e00024 (webtiles) character file.

Game seed: 6124241555926055425

2737 DemonSlayer the Digger (level 9, -3/59 HPs)
             Began as a Demonspawn Earth Elementalist on July 14, 2023.
             Was a Believer of Dithmenos.
             Slain by an orc warrior
             ... wielding a +0 hand axe
              (8 damage)
             ... on level 7 of the Dungeon.
             The game lasted 00:12:25 (6703 turns).

DemonSlayer the Digger (DsEE)                       Turns: 6703, Time: 00:12:25

Health: -3/59      AC:  6    Str:  9    XL:     9   Next: 40%
Magic:  12/29      EV: 13    Int: 17    God:    Dithmenos [**....]
Gold:   339        SH:  0    Dex: 17    Spells: 12/22 levels left

rFire   . . .        f - +0 dagger
rCold   . . .        (no shield)
rNeg    . . .        a - +0 robe
rPois   .            (no helmet)
rElec   .            m - +0 cloak
rCorr   .            (no gloves)
SInv    .            (no boots)
Will    .....        (no amulet)
Stlth   +++          c - ring of wizardry
HPRegen 0.29/turn    o - ring of magical power
MPRegen 0.21/turn

%: wizardry (x1)
@: wreathed by umbra
A: slimy green scales 2, demonic guardian 1, demonic touch 1
a: Renounce Religion, Shadow Step


You were on level 7 of the Dungeon.
You worshipped Dithmenos.
Dithmenos was pleased with you.
You visited 1 branch of the dungeon, and saw 7 of its levels.

You collected 339 gold pieces.

Inventory:

Hand Weapons
 f - a +0 dagger (weapon)
Missiles
 q - a throwing net
Armour
 a - a +0 robe (worn)
 m - a +0 cloak (worn)
Jewellery
 c - a ring of wizardry (left hand)
 k - a ring of see invisible
 o - a ring of magical power (right hand)
Wands
 n - a wand of charming (8)
 v - a wand of polymorph (6)
 x - a wand of flame (34)
Scrolls
 g - 4 scrolls of immolation {unknown}
 h - 2 scrolls of teleportation
 p - 2 scrolls of magic mapping {unknown}
 r - a scroll of amnesia
 s - a scroll of enchant armour
 w - a scroll of fog
 y - a scroll of brand weapon {unknown}
Potions
 b - a potion of magic
 d - 3 potions of heal wounds {unknown}
 e - 3 potions of curing
 i - 4 potions of mutation
 j - 2 potions of brilliance
 l - 3 potions of degeneration {unknown}
 t - a potion of might {unknown}
 u - a potion of ambrosia {unknown}
 z - a potion of resistance {unknown}


   Skills:
 + Level 1.1 Fighting
 + Level 1.1 Short Blades
 + Level 3.3 Dodging
 + Level 3.3 Stealth
 + Level 7.4 Spellcasting
 + Level 4.4 Conjurations
 + Level 0.8 Transmutations
 + Level 7.7 Earth Magic


You had 12 spell levels left.
You knew the following spells:

 Your Spells              Type           Power      Damage    Failure   Level
a - Sandblast             Erth           64%        2d14      1%          1
b - Passwall              Tmut/Erth      16%        N/A       1%          2
c - Stone Arrow           Conj/Erth      52%        3d10      1%          3
d - Petrify               Tmut/Erth      20%        N/A       8%          4

Your spell library contained the following spells:

 Spells                   Type           Power      Damage    Failure   Level
 Necrotise                Necr           24%        1d5       4%          1
 Wereblood                Tmut           9%         N/A       4%          2
 Sublimation of Blood     Necr           6%         N/A       7%          2
 Spider Form              Tmut/Pois      7%         N/A       12%         3
 Vampiric Draining        Necr           6%         2d6       13%         3
 Summon Ice Beast         Ice/Summ       6%         N/A       38%         4
 Alistair's Intoxication  Tmut/Pois      4%         N/A       67%         5
 Agony                    Necr           6%         N/A       73%         5
 Summon Hydra             Summ           3%         N/A       100%        7
 Summon Horrible Things   Summ           3%         N/A       100%        8


Dungeon Overview and Level Annotations

Branches:
Dungeon (7/15)             Temple (0/1) D:4

Altars:
Dithmenos
Makhleb

Annotations:
D:3 2 transporters


Innate Abilities, Weirdness & Mutations

You are mostly covered in slimy green scales. (AC +3)
A weak demonic guardian rushes to your aid.
Your touch may inflict minor irresistible damage on your foes.


Message History

The stone arrow hits the yak!
The yak is almost dead.
The yak closely misses you.
Unknown command.
Unknown command.
Casting: Stone Arrow (safe; 1% risk of failure)
Confirm with . or Enter, or press ? or * to list all spells.
Aiming: Stone Arrow (safe; 1% risk of failure)
Press: ? - help, Shift-Dir - straight line, f/p - yak
Aim: a yak (almost dead, umbra, 83% to hit)
The stone arrow hits the yak!
You kill the yak!
Dithmenos accepts your kill.
Unknown command.
Unknown command.
Unknown command.
Casting: Stone Arrow (safe; 1% risk of failure)
Confirm with . or Enter, or press ? or * to list all spells.
Aiming: Stone Arrow (safe; 1% risk of failure)
Press: ? - help, Shift-Dir - straight line, f - orc warrior
Aim: an orc warrior, wielding a +0 hand axe and wearing a +0 plate armour (umbra, 71% to hit)
The stone arrow hits the orc warrior.
The orc warrior is lightly wounded.
The orc warrior hits you with a +0 hand axe!
Unknown command.
Unknown command.
The orc warrior attacks as you move away!
The orc warrior barely misses you.
The orc warrior attacks as you move away!
The orc warrior hits you with a +0 hand axe.
* * * LOW HITPOINT WARNING * * *
The orc warrior attacks as you move away!
The orc warrior hits you with a +0 hand axe!
* * * LOW HITPOINT WARNING * * *
The orc warrior attacks as you move away!
The orc warrior hits you with a +0 hand axe.
* * * LOW HITPOINT WARNING * * *
The orc warrior attacks as you move away!
The orc warrior hits you with a +0 hand axe!
You die...

###..).# #.#.##.## ##
##.#.# #.#.##.# #.
#.#.# ####....#.# ##.
#.#.# #.........# #..
#O#.# #.##....######.#
#K#.# #.##.#.........<
#.#.###.##.###########
#.#.#.<....#
#.#.#@.....#
#...o......#
###.#.....## #.#.....#
#.###.### #.# #.####
#.# #....# #.# ####.#
#.# #.#


You could see an orc warrior.

Vanquished Creatures
  A yak (D:7)
  A wyvern (D:5)
  A steam dragon (D:6)
  A vampire mosquito (D:6)
  Edmund (D:5)
  2 water moccasins
  Duvessa (D:7)
  An ice beast (D:5)
  2 sky beasts (D:6)
  2 ogres
  A centaur (D:5)
  A phantom (D:5)
  3 bullfrogs (D:7)
  3 scorpions (D:5)
  2 howler monkeys
  2 jellies
  2 hounds
  An orc priest (D:5)
  A sleepcap (D:6)
  2 gnoll boudas (D:7)
  3 iguanas
  2 orc wizards
  11 adders
  10 gnolls
  A shadow imp (D:7)
  A white imp (D:6)
  An ufetubus (D:5)
  A worm (D:2)
  19 orcs
  7 ball pythons
  3 endoplasms
  3 giant cockroaches (D:3)
  3 goblins (D:1)
  6 hobgoblins
  5 jackals
  6 kobolds
  2 quokkas
  7 bats
  A frilled lizard (D:1)
  5 rats
128 creatures vanquished.

Vanquished Creatures (collateral kills)
  Dowan (D:7)
1 creature vanquished.

Grand Total: 129 creatures vanquished

Notes
Turn   | Place    | Note
-------+----------+-------------------------------------------
     0 | D:1      | DemonSlayer the Demonspawn Earth Elementalist began the
                  | quest for the Orb.
     0 | D:1      | Reached XP level 1. HP: 13/13 MP: 3/3
   191 | D:1      | Gained mutation: Your touch may inflict minor irresistible
                  | damage on your foes. [demonic ancestry]
   191 | D:1      | Reached XP level 2. HP: 19/19 MP: 0/5
   782 | D:1      | Learned a level 2 spell: Passwall
  1062 | D:2      | Gained mutation: A weak demonic guardian rushes to your
                  | aid. [demonic ancestry]
  1062 | D:2      | Reached XP level 3. HP: 24/24 MP: 6/6
  1700 | D:3      | Reached XP level 4. HP: 9/30 MP: 5/8
  2155 | D:3      | Found a transporter.
  2181 | D:3      | Found a shadowy altar of Dithmenos.
  2190 | D:3      | Became a worshipper of Dithmenos the Shadowed
  2307 | D:3      | Found a transporter.
  2499 | D:3      | Learned a level 3 spell: Stone Arrow
  2617 | D:4      | Reached XP level 5. HP: 35/35 MP: 9/9
  3015 | D:4      | Found a staircase to the Ecumenical Temple.
  3155 | D:4      | Reached skill level 1 in Short Blades
  3662 | D:4      | Learned a level 4 spell: Petrify
  3703 | D:5      | Entered Level 5 of the Dungeon
  3732 | D:5      | Noticed an ogre
  3936 | D:5      | Killed an ogre
  3937 | D:5      | Gained mutation: You are partially covered in slimy green
                  | scales. (AC +2) [demonic ancestry]
  3937 | D:5      | Reached XP level 6. HP: 13/42 MP: 11/11
  4291 | D:5      | Reached skill level 5 in Earth Magic
  4336 | D:5      | Noticed Edmund
  4349 | D:5      | Killed Edmund
  4350 | D:5      | Reached XP level 7. HP: 30/47 MP: 2/13
  4479 | D:5      | Reached * piety under Dithmenos
  4562 | D:5      | Reached skill level 5 in Spellcasting
  4707 | D:5      | Found a burning altar of Makhleb.
  4709 | D:5      | Noticed a blizzard demon
  4757 | D:5      | Reached skill level 1 in Conjurations
  4843 | D:5      | Noticed a wyvern
  4851 | D:5      | Killed a wyvern
  4852 | D:5      | Reached XP level 8. HP: 32/53 MP: 0/16
  5213 | D:5      | Got the Precepts of the Noxious Union
  5955 | D:6      | Gained mutation: You are mostly covered in slimy green
                  | scales. (AC +3) [demonic ancestry]
  5955 | D:6      | Reached XP level 9. HP: 51/58 MP: 13/19
  5970 | D:6      | Noticed a boulder beetle
  6005 | D:7      | Reached skill level 1 in Fighting
  6167 | D:7      | Noticed Dowan
  6169 | D:7      | Noticed Duvessa
  6195 | D:7      | Killed Duvessa
  6195 | D:7      | Reached ** piety under Dithmenos
  6195 | D:7      | Killed Dowan
  6703 | D:7      | Slain by an orc warrior

Illustrated notes

Levels and vault maps discovered:
D:1:      nicolae_arrival_washed_ashore, layout_basic
D:2:      layout_loops_ring, minmay_tripent
D:3:      gammafunk_wand_slinger, layout_rooms, nicolae_dithmenos_shadow_blocks,
          kennysheep_generic_room_7
D:4:      layout_loops_corners, mainiacjoe_overflow_paths,
          nicolae_tso_swordbearing_angel, minmay_temple_entry_sparse_star,
          chequers_ossuary_entry_cave
D:5:      layout_loops_ring, makhleb_altar_promises_db, uniq_edmund
D:6:      layout_loops_ring, hangedman_minor_gate_pass
D:7:      layout_loops_ring, hangedman_decor_opposing, nzn_random_ring,
          uniq_duvessa

Skill      XL: |  1  2  3  4  5  6  7  8  9 |
---------------+----------------------------+-----
Earth Magic    | 3 4 5 6 7 |  7.7
Dodging        | 2 3 |  3.3
Stealth        | 2 3 |  3.3
Spellcasting   | 3 4 5 6 7 |  7.4
Short Blades   | 1 |  1.1
Conjurations   | 1 3 4 |  4.4
Fighting       | 1 |  1.1
Transmutations | |  0.8

Action                     |  1- 3 |  4- 6 |  7- 9 || total
---------------------------+-------+-------+-------++-------
  Melee: Dagger            |    25 |    11 |    21 ||    57
         Touch             |     7 |     3 |     4 ||    14
   Cast: Sandblast         |    45 |    66 |       ||   111
         Stone Arrow       |       |     4 |    95 ||    99
    Use: Scroll            |       |     4 |     4 ||     8
         Potion            |       |       |     3 ||     3
   Stab: Sleeping          |     5 |     6 |       ||    11
 Armour: Robe              |     5 |     9 |    16 ||    30
  Dodge: Dodged            |    25 |    33 |    47 ||   105
